 Dungeon Crawl Stone Soup version 0.28.0-62-gf88900778d (webtiles) character file.

Game seed: 8930047929319792588

463 cbfl8 the Covered (level 6, 0/53 HPs)
             Began as a Minotaur Fighter on July 4, 2023.
             Shot with an arrow by a centaur (10 damage)
             ... on level 7 of the Dungeon.
             The game lasted 00:04:31 (3360 turns).

cbfl8 the Covered (Minotaur Fighter)                Turns: 3360, Time: 00:04:32

Health: 0/53       AC: 11    Str: 21    XL:     6   Next: 79%
Magic:  6/6        EV:  7    Int:  5    God:
Gold:   1038       SH:  5    Dex: 11    Spells: 5/5 levels left

rFire   + . .      SeeInvis .   a - +0 war axe
rCold   . . .      Faith    .   c - +0 buckler
rNeg    . . .      Spirit   .   i - +0 chain mail
rPois   .          Reflect  .   (helmet restricted)
rElec   .          Harm     .   (no cloak)
rCorr   .          Rampage  .   k - +0 pair of gloves
Will    .....                   (no boots)
Stlth   ..........              (no amulet)
HPRegen 0.17/turn               d - ring of protection from fire
MPRegen 0.10/turn               (no ring)

@: no status effects
A: horns 2, retaliatory headbutt
a: no special abilities


You were on level 7 of the Dungeon.
You visited 2 branches of the dungeon, and saw 8 of its levels.

You collected 1038 gold pieces.

Inventory:

Hand Weapons
 a - a +0 war axe (weapon)
Armour
 c - a +0 buckler (worn)
 i - a +0 chain mail (worn)
 k - a +0 pair of gloves (worn)
Jewellery
 d - a ring of protection from fire (left hand)
Scrolls
 f - a scroll of silence {unknown}
Potions
 e - a potion of curing {unknown}


   Skills:
 + Level 4.7 Fighting
 + Level 4.9 Axes
 + Level 5.3 Armour
 - Level 0.9 Dodging
 + Level 0.9 Stealth
 + Level 4.4 Shields
 * Level 1.4 Invocations
 * Level 2.4 Evocations


You had 5 spell levels left.
You didn't know any spells.
Your spell library contained the following spells:

 Spells                   Type           Power      Damage    Failure   Level
 Freezing Cloud           Conj/Ice/Air   0%         6-21      100%        5
 Simulacrum               Ice/Necr       0%         N/A       100%        6
 Polar Vortex             Ice            0%         N/A       100%        9


Dungeon Overview and Level Annotations

Branches:
Dungeon (7/15)             Temple (1/1) D:4

Altars:
Ashenzari
Dithmenos
Elyvilon
Fedhas
Gozag
Hepliaklqana
Kikubaaqudgha
Nemelex Xobeh
Okawaru
Qazlal
Ru
Sif Muna
Trog
Uskayaw
Vehumet
Wu Jian
Xom
Zin
The Shining One

Annotations:
D:3 3 runed translucent doors, Coron's ghost, weakling DDDe
D:5 Dowan; Duvessa


Innate Abilities, Weirdness & Mutations

You have a pair of horns on your head.
You reflexively headbutt those who attack you in melee.


Message History

There is an open door here.
The centaur wields a +0 shortbow.
The centaur shoots an arrow.
The arrow hits you but does no damage.
The centaur shoots an arrow.
The arrow hits you.
* * * LOW HITPOINT WARNING * * *
You are too injured to fight recklessly!
You are too injured to fight recklessly!
The centaur shoots an arrow.
The arrow hits you but does no damage.
The centaur shoots an arrow.
You block the arrow.
You hit the centaur but do no damage.
The centaur unwields a +0 shortbow.
The centaur hits you but does no damage.
The centaur kicks you but does no damage.
The centaur closely misses you. You furiously retaliate!
You headbutt the centaur. The centaur kicks you.
* * * LOW HITPOINT WARNING * * *
You hit the centaur.
The centaur is heavily wounded.
The centaur wields a +0 shortbow.
The centaur shoots an arrow.
The arrow hits you but does no damage. The centaur barely misses you.
The centaur kicks you but does no damage.
The centaur barely misses you.
The centaur kicks you but does no damage.
You hit the centaur.
The centaur is heavily wounded.
The centaur shoots an arrow.
The arrow hits you.
* * * LOW HITPOINT WARNING * * *
The centaur hits you but does no damage.
The centaur barely misses you.
The centaur shoots an arrow.
The arrow hits you.
* * * LOW HITPOINT WARNING * * *
Blink to where?
Press: ? - help, Dir - move target
As you read the scroll of blinking, it crumbles to dust.
The centaur shoots an arrow.
The arrow completely misses you.
The centaur shoots an arrow.
The arrow hits you.
* * * LOW HITPOINT WARNING * * *
The centaur shoots an arrow.
The arrow barely misses you.
The centaur wields a +0 shortbow.
The centaur shoots an arrow.
You block the arrow.
The centaur shoots an arrow.
The arrow hits you!
You die...

##+## ###.#.# ##...##
# .####.# ##.....##
.#.....8.
##.......####..####.#
#.........#...###.#.#
+.........cc.###.##.#
#.........##.ยง..###.#
##.......####...##...
##..@..## #...#..#.
##...## ......## ##'##
##Y##... #.# .# .###
#.# .. # ##.## . .#
###...###.(.
#...........
#.#...###...


You could see 2 centaurs.

Vanquished Creatures
  A water moccasin (D:4)
  A necrophage (D:6)
  A centaur (D:5)
  A kobold brigand (D:6)
  A howler monkey (D:4)
  An adder (D:2)
  A white imp (D:7)
  An ufetubus (D:7)
  A worm (D:3)
  2 dart slugs
  6 ball pythons
  8 endoplasms
  A giant cockroach (D:1)
  2 hobgoblins
  8 jackals
  3 quokkas
  7 bats
  5 frilled lizards
  4 goblins
  3 kobolds (D:1)
  7 rats
65 creatures vanquished.

Vanquished Creatures (others)
  A giant cockroach (D:4)
1 creature vanquished.

Grand Total: 66 creatures vanquished

Notes
Turn   | Place    | Note
-------+----------+-------------------------------------------
     0 | D:1      | cbfl8 the Minotaur Fighter began the quest for the Orb.
     0 | D:1      | Reached XP level 1. HP: 19/19 MP: 0/0
   414 | D:1      | Reached XP level 2. HP: 27/27 MP: 1/1
   541 | D:1      | You fall into a shaft and drop 1 floor!
   623 | D:2      | Found a faded altar of an unknown god.
   783 | D:2      | Reached XP level 3. HP: 33/33 MP: 2/2
   899 | D:2      | Reached skill level 4 in Armour
  1092 | D:2      | Reached skill level 1 in Evocations
  1112 | D:2      | Identified the +3 robe of the Ancient Runes {rF+ rC+ Str-4
                  | Int+4}
  1275 | D:3      | Noticed a water moccasin
  1534 | D:3      | Found a runed translucent gate.
  1534 | D:3      | Found a runed translucent gate.
  1534 | D:3      | Found a runed translucent gate.
  1535 | D:3      | Noticed Coron's ghost (weakling DDDe)
  1745 | D:4      | Killed a water moccasin
  1746 | D:4      | Reached XP level 4. HP: 15/41 MP: 3/3
  1746 | D:4      | Reached XP level 5. HP: 17/47 MP: 4/4
  2218 | D:4      | Found a shimmering altar of Xom.
  2461 | D:4      | Found a stormy altar of Qazlal.
  2527 | D:4      | Found a staircase to the Ecumenical Temple.
  2547 | Temple   | Entered the Ecumenical Temple
  3089 | D:4      | Identified a scroll of acquirement
  3090 | D:4      | Acquired 823 gold pieces
  3096 | D:5      | Entered Level 5 of the Dungeon
  3098 | D:5      | Noticed a centaur
  3105 | D:5      | Killed a centaur
  3106 | D:5      | Reached skill level 5 in Armour
  3106 | D:5      | Reached XP level 6. HP: 40/53 MP: 5/5
  3184 | D:5      | Noticed Dowan
  3186 | D:5      | Noticed Duvessa
  3212 | D:6      | Reached skill level 1 in Invocations
  3256 | D:6      | Found an iron altar of Okawaru.
  3261 | D:6      | Noticed a wraith
  3282 | D:7      | Noticed a sky beast
  3360 | D:7      | Shot with an arrow by a centaur

Illustrated notes

Levels and vault maps discovered:
D:1:      mrwooster_arrival_statue_2, layout_rooms
D:2:      layout_basic, basic_ecumenical_altar
D:3:      layout_rooms, serial_glass, glass_columns_b, glass_columns_a,
          gammafunk_ghost_split
D:4:      layout_basic, nicolae_qazlal_scattered_showers,
          mainiacjoe_overflow_24_doors, minmay_temple_entry_sparse_star,
          nicolae_figureground_sparkle
D:5:      layout_basic, serial_shops, shop, minmay_pentangle, uniq_duvessa
D:6:      layout_basic, mainiacjoe_overflow_paths, okawaru_gym_becter,
          mainiacjoe_overflow_big_doors, nicolae_ossuary_entry_plus,
          grunt_decor_junction, st_stairs_7
D:7:      layout_loops_corners, enter_bailey_6, kb_rosetta
Temple:   eino_temple_scatter_basement

Skill      XL: |  1  2  3  4  5  6 |
---------------+-------------------+-----
Fighting       | 4 |  4.7
Armour         | 4 5 |  5.3
Evocations     | 1 2 |  2.4
Axes           | 3 4 |  4.9
Shields        | 4 |  4.4
Invocations    | 1 |  1.4
Dodging        | |  0.9
Stealth        | |  0.9

Action                   |  1- 3 |  4- 6 || total
-------------------------+-------+-------++-------
Melee: War axe           |    85 |    53 ||   138
       Headbutt          |     9 |    13 ||    22
  Use: Scroll            |     4 |     8 ||    12
       Potion            |     2 |     1 ||     3
Armor: Scale mail        |    49 |       ||    49
       Chain mail        |       |    43 ||    43
Dodge: Dodged            |    46 |    23 ||    69
Block: Buckler           |    32 |    11 ||    43
